Map: Ley Lines

Players

juice

  • Race: Protoss Protoss
  • League: Diamond
  • Spawn Location: 7:00

grey - Winner!

  • Race: Zerg Zerg
  • Spawn Location: 1:00

VOD

Have the link to the VOD?

Description

Time

  • Played on: April 10, 2025, 4:07 p.m.
  • Length: 25:16
Show
View Real Time Build Order
Export as new Build Order

juice Protoss 

Build Orders: 1 Gate Expand, Zealot Archon 

Get SALT Encoding   

  12  0:00  Probe  
  13  0:12  Probe  
  14  0:24  Pylon, Probe  
  15  0:41  Probe  
  16  0:43  Gateway  
  16  0:49  Probe  
  16  0:50  Assimilator  
  17  0:57  Probe  
  18  1:09  Probe  
  19  1:32  Cybernetics Core  
  19  1:37  Nexus  
  19  1:43  Probe  
  19  1:45  Assimilator  
  20  1:50  Pylon  
  20  1:55  Probe  
  20  1:59  Adept  
  21  2:07  Probe  
  22  2:15  Warp Gate  
  24  2:19  Probe  
  25  2:29  Adept  
  27  2:31  Probe  
  27  2:36  Shield Battery  
  28  2:43  Probe  
  29  2:46  Twilight Council  
  29  2:52  Probe  
  30  2:59  Adept  
  32  3:05  Probe  
  32  3:09  Forge  
  32  3:11  Probe  
  34  3:18  Probe  
  35  3:21  Pylon  
  35  3:23  Probe  
  36  3:30  Probe  
  37  3:37  Protoss Ground Weapons Level 1  
  37  3:47  Charge  
  37  3:53  Probe  
  36  3:56  Gateway  
  36  3:57  Gateway  
  34  4:06  Probe  
  34  4:08  Gateway  
  35  4:10  Templar Archives  
  35  4:12  Probe  
  36  4:18  Probe  
  36  4:21  Adept  
  39  4:24  Probe  
  39  4:31  Probe  
  41  4:33  Gateway  
  41  4:36  Probe  
  42  4:44  Pylon  
  42  4:46  Probe  
  42  4:48  Probe  
  42  4:50  Assimilator  
  42  4:52  Sentry  
  46  4:57  Assimilator  
  46  4:58  Probe  
  47  5:00  Pylon  
  47  5:06  Gateway  
  48  5:07  Probe  
  48  5:10  Probe  
  48  5:13  Pylon  
  49  5:19  Probe  
  50  5:22  Probe, Protoss Ground Armor Level 1  
  51  5:30  Zealot x3  
  51  5:31  Zealot  
  51  5:32  Zealot  
  51  5:35  Probe  
  62  5:53  High Templar x2  
  62  5:54  Zealot x3  
  72  6:03  Archon  
  72  6:04  Zealot  
  74  6:25  High Templar x2, Zealot  
  72  6:26  Zealot x2  
  68  6:45  Archon  
  68  6:46  Zealot x4  
  72  6:49  Probe  
  72  6:50  Pylon  
  72  6:52  Pylon  
  63  7:02  Zealot x2  
  63  7:03  Nexus  
  61  7:13  High Templar  
  61  7:14  High Templar  
  61  7:15  High Templar x2  
  66  7:29  Archon  
  64  7:30  Zealot  
  64  7:35  Gateway  
  64  7:36  Gateway  
  64  7:38  Gateway  
  60  7:47  Archon  
  60  7:48  Zealot x2  
  60  7:49  Pylon, Zealot x3  
  66  7:56  Psionic Storm  
  66  7:57  Protoss Ground Weapons Level 2  
  55  8:10  Zealot  
  55  8:12  Zealot  
  59  8:13  Zealot x4  
  63  8:30  Shield Battery  
  63  8:33  Shield Battery  
  59  8:34  Photon Cannon  
  59  8:35  Photon Cannon  
  59  8:36  Probe  
  59  8:38  Photon Cannon  
  59  8:39  Probe  
  61  8:41  Dark Shrine  
  61  8:48  Pylon  
  60  8:56  Stalker x2  
  60  8:58  Stalker  
  66  9:03  High Templar x2  
  66  9:04  Pylon  
  70  9:14  Probe  
  71  9:18  Pylon  
  71  9:27  Robotics Facility  
  71  9:29  High Templar  
  73  9:38  Stalker  
  75  9:47  Pylon  
  75  9:49  Pylon, Stalker  
  75  9:50  Stalker, Zealot x3  
  84  9:53  Assimilator  
  84  9:54  Probe x2  
  84  9:55  Probe  
  84  9:57  Assimilator  
  87  10:06  Probe x2  
  89  10:08  Observer  
  90  10:18  Stalker  
  90  10:20  High Templar  
  90  10:21  Warp Prism, Probe, High Templar  
  96  10:23  Probe  
  96  10:24  Protoss Ground Armor Level 2, Archon  
  96  10:25  Probe  
  101  10:37  Probe x2  
  101  10:40  Probe  
  104  10:44  Gateway  
  104  10:49  Probe  
  105  10:51  Photon Cannon  
  105  10:58  Probe x2  
  107  11:05  Stalker  
  107  11:06  Zealot x2  
  107  11:08  Pylon  
  107  11:10  Pylon  
  107  11:11  Probe  
  114  11:17  Pylon, High Templar x2  
  118  11:21  Archon  
  118  11:22  Zealot x3  
  124  11:30  Stalker x2  
  82  11:51  Zealot  
  69  11:56  Stalker x3, Zealot x2  
  69  11:57  Zealot  
  69  11:59  Zealot x3  
  69  12:00  Immortal  
  81  12:11  Robotics Facility  
  81  12:13  Robotics Bay  
  81  12:26  Forge  
  81  12:31  Warp Prism  
  81  12:42  High Templar  
  81  12:43  High Templar  
  87  12:44  High Templar  
  87  12:45  Robotics Facility, Sentry  
  87  12:46  Probe  
  92  12:54  Probe  
  92  12:56  Probe  
  92  12:57  Colossus  
  92  12:58  Probe  
  95  13:01  Extended Thermal Lance, Observer  
  95  13:02  Zealot x2  
  95  13:03  Zealot x3  
  112  13:14  Probe  
  113  13:24  Nexus, Immortal  
  113  13:25  Pylon  
  113  13:27  Pylon  
  113  13:30  Probe  
  118  13:38  Immortal  
  122  13:50  High Templar x2  
  122  13:52  Shadow Stride  
  126  13:58  Observer  
  127  14:04  Probe  
  127  14:09  Shield Battery  
  128  14:10  Shield Battery  
  128  14:12  Photon Cannon  
  128  14:13  Photon Cannon  
  128  14:14  Photon Cannon  
  128  14:17  Photon Cannon  
  128  14:20  Photon Cannon  
  128  14:22  Shield Battery  
  128  14:23  Pylon, Protoss Ground Weapons Level 3  
  128  14:28  Protoss Ground Armor Level 3  
  132  14:31  Immortal  
  132  14:44  Probe x2  
  134  14:46  Probe x2  
  136  14:56  Probe  
  114  15:15  Stalker x3, Zealot  
  114  15:16  Zealot  
  122  15:21  Stalker x2  
  122  15:22  Stalker, Zealot  
  111  15:41  Immortal x2  
  119  15:43  High Templar x2  
  123  16:11  Stalker x2  
  123  16:12  Immortal  
  131  16:20  Immortal  
  135  16:44  Dark Templar x4  
  135  16:45  Dark Templar  
  135  16:46  Zealot  
  143  16:57  Immortal  
  147  17:04  Pylon  
  147  17:11  Immortal  
  149  17:23  Nexus  
  149  17:26  Pylon  
  149  17:28  Pylon  
  149  17:30  Shield Battery  
  149  17:31  Photon Cannon  
  149  17:32  Photon Cannon  
  149  17:37  Pylon  
  149  17:38  High Templar x2  
  153  17:45  Archon  
  153  17:46  Zealot x2  
  153  17:47  Zealot  
  159  17:54  Zealot  
  159  17:56  Zealot  
  163  18:02  High Templar x2  
  167  18:08  Archon, Observer  
  168  18:18  Pylon  
  168  18:21  Stargate  
  164  18:39  Probe  
  155  18:43  Shield Battery  
  155  18:45  Photon Cannon  
  116  19:23  Stalker x3, Zealot  
  124  19:24  High Templar  
  116  19:37  Stalker  
  116  19:51  High Templar  
  116  19:52  High Templar x3  
  122  20:14  Immortal  
  126  20:26  Assimilator  
  126  20:30  Assimilator  
  126  20:37  Nexus  
  106  20:57  High Templar x2  
  106  20:58  High Templar x2  
  106  20:59  Dark Templar  
  106  21:00  Probe  
  117  21:06  Pylon  
  117  21:09  Pylon  
  117  21:11  Archon x2  
  117  21:12  Probe  
  117  21:14  Probe  
  119  21:21  Probe  
  119  21:23  Observer  
  119  21:24  Observer  
  121  21:33  Probe x2  
  121  21:34  Zealot x2  
  121  21:35  Zealot x4  
  121  21:37  Zealot  
  137  21:45  Shield Battery  
  137  21:47  Photon Cannon  
  137  21:54  Photon Cannon  
  137  21:58  Shield Battery  
  137  22:05  Photon Cannon  
  137  22:12  Shield Battery  
  137  22:14  Probe x2  
  137  22:15  Photon Cannon  
  139  22:21  High Templar  
  139  22:22  High Templar  
  82  22:55  Dark Templar  
  82  22:56  Dark Templar x2, Zealot  
  82  22:57  Zealot x4  
  91  23:11  Immortal x3  
  73  23:17  Zealot x2  
  73  23:18  Zealot  
  91  23:22  Zealot  
  91  23:23  Dark Templar  
  93  23:37  Gateway  
  93  23:38  Zealot x2  
  81  24:00  Zealot x2  
  79  24:04  Zealot x4  
  74  24:11  High Templar x2  
  65  24:23  Dark Templar  
  67  24:24  Dark Templar  
  67  24:30  Assimilator  
  69  24:32  Assimilator  
  69  24:33  Dark Templar  
  71  24:41  Probe  
  72  24:46  Zealot x4  
Show
View Real Time Build Order
Export as new Build Order

grey Zerg - Winner!

Build Orders: Hatch First, Lurkers 

Get SALT Encoding   

  12  0:00  Drone  
  13  0:13  Overlord  
  13  0:21  Drone  
  14  0:31  Drone  
  14  0:32  Drone  
  16  0:50  Drone, Hatchery  
  16  0:54  Drone  
  18  0:57  Drone  
  18  1:03  Extractor  
  17  1:14  Spawning Pool  
  17  1:16  Drone  
  17  1:22  Drone  
  18  1:33  Drone  
  19  1:43  Drone  
  20  1:54  Overlord  
  20  2:08  Drone x2, Queen x2  
  22  2:12  Metabolic Boost  
  26  2:20  Drone x2  
  28  2:25  Drone x2  
  30  2:34  Drone  
  30  2:35  Drone  
  32  2:48  Hatchery  
  32  2:50  Overlord  
  31  2:52  Drone  
  31  2:56  Zergling x4  
  34  3:07  Drone  
  35  3:31  Zergling x6  
  35  3:32  Zergling x6  
  35  3:58  Drone x3  
  35  3:59  Drone  
  35  4:00  Drone x5  
  43  4:09  Spore Crawler  
  42  4:12  Drone x4  
  46  4:24  Drone x3  
  47  4:27  Lair  
  48  4:32  Extractor  
  47  4:40  Roach Warren  
  47  4:41  Evolution Chamber  
  47  4:44  Spine Crawler  
  44  4:51  Queen x2  
  48  4:54  Drone  
  48  4:55  Overlord  
  48  4:57  Overlord  
  49  5:07  Spore Crawler  
  49  5:14  Drone x4  
  51  5:15  Drone x4  
  51  5:17  Drone x6  
  62  5:29  Drone x2  
  62  5:30  Drone  
  62  5:32  Extractor  
  62  5:33  Drone, Extractor  
  62  5:34  Overlord  
  64  5:41  Overseer  
  63  5:44  Zergling x2  
  63  5:45  Zergling x2  
  63  5:47  Spine Crawler  
  63  5:48  Spine Crawler  
  63  5:51  Spine Crawler  
  63  5:56  Zergling x2  
  63  5:57  Zergling x12  
  66  6:06  Zergling x2  
  66  6:07  Roach x4, Zergling x4  
  73  6:11  Queen  
  73  6:14  Queen  
  72  6:23  Roach, Zergling x2  
  72  6:24  Overlord  
  72  6:25  Overlord  
  66  6:36  Roach x3, Zergling x2  
  66  6:37  Zergling x2  
  73  6:41  Roach  
  70  6:52  Queen, Roach x2, Zergling x4  
  70  6:53  Roach, Zergling x2  
  72  7:03  Roach x2  
  72  7:09  Roach x2  
  70  7:18  Roach  
  70  7:19  Roach x3  
  74  7:24  Roach x2  
  74  7:25  Roach  
  74  7:31  Roach  
  74  7:36  Spine Crawler, Roach, Zergling x2  
  74  7:42  Roach x3, Zergling x2  
  77  7:59  Roach x3  
  76  8:11  Roach x3  
  76  8:12  Zergling x2  
  83  8:13  Zergling x6  
  83  8:18  Overseer  
  86  8:21  Drone  
  86  8:22  Drone x2  
  88  8:30  Roach x2  
  90  8:39  Overlord x3  
  90  8:43  Hatchery  
  90  8:44  Queen  
  90  8:45  Hydralisk Den  
  90  8:55  Overlord x3  
  90  8:56  Queen, Overlord  
  90  8:58  Drone x6  
  98  9:08  Glial Reconstitution  
  98  9:10  Zerg Missile Weapons Level 1  
  98  9:12  Drone x3  
  101  9:24  Grooved Spines  
  101  9:27  Drone  
  101  9:28  Drone x4  
  106  9:46  Hydralisk, Overlord x2  
  106  9:47  Hydralisk x2, Hatchery  
  106  9:52  Extractor  
  110  10:01  Lurker Den  
  110  10:06  Evolution Chamber  
  108  10:24  Hydralisk x4  
  108  10:25  Hydralisk x3  
  108  10:27  Overlord x3  
  122  10:32  Extractor  
  122  10:35  Spore Crawler  
  120  10:42  Hydralisk, Overlord x2  
  120  10:43  Hydralisk x4  
  130  10:51  Queen  
  132  11:04  Hydralisk x4  
  132  11:05  Roach x3  
  132  11:06  Zergling x10  
  132  11:07  Zergling x10  
  156  11:16  Hydralisk x2  
  156  11:17  Roach, Zergling x4  
  163  11:29  Hydralisk x3  
  163  11:30  Roach x3  
  162  11:40  Hydralisk x2  
  162  11:41  Roach x2, Zergling x2  
  122  11:56  Hydralisk x2, Roach x2, Zergling x4  
  122  11:57  Roach  
  128  12:17  Lurker  
  128  12:18  Lurker  
  128  12:19  Lurker  
  131  12:22  Lurker  
  131  12:26  Drone x2  
  131  12:27  Drone x4, Overlord  
  131  12:28  Drone  
  131  12:29  Drone x7  
  146  12:38  Zerg Missile Weapons Level 2  
  146  12:39  Extractor  
  146  12:43  Extractor  
  144  12:46  Lurker x2  
  144  12:48  Roach  
  148  12:59  Hydralisk  
  148  13:00  Hydralisk, Roach x2  
  156  13:08  Infestation Pit  
  156  13:12  Zerg Ground Armor Level 1  
  155  13:31  Spine Crawler  
  154  13:39  Hydralisk x4  
  154  13:40  Hydralisk x2, Roach x3, Zergling x4  
  174  13:45  Muscular Augments  
  171  14:01  Spine Crawler  
  171  14:02  Spine Crawler  
  169  14:03  Spine Crawler  
  169  14:06  Hydralisk x2  
  169  14:07  Hydralisk x3, Roach, Zergling x2  
  169  14:08  Roach x2  
  169  14:09  Hydralisk x5  
  191  14:12  Lurker  
  196  14:29  Hydralisk  
  198  14:33  Hive  
  198  14:42  Lurker  
  161  15:26  Hydralisk x3, Roach  
  161  15:27  Roach x2, Zergling x2  
  141  15:36  Hydralisk x5  
  141  15:37  Hydralisk x4, Roach x3, Zergling x4  
  141  15:38  Zergling x4  
  141  15:40  Overseer  
  141  15:41  Overseer  
  169  15:51  Lurker x2  
  169  15:52  Lurker x2  
  173  16:11  Hatchery  
  172  16:19  Seismic Spines  
  171  16:50  Viper x3  
  171  16:51  Viper x2  
  183  17:25  Zerg Missile Weapons Level 3  
  183  17:26  Zerg Ground Armor Level 2  
  183  17:30  Adaptive Talons  
  183  17:41  Drone x2  
  183  17:42  Drone x5  
  183  17:43  Spore Crawler  
  189  17:45  Spine Crawler  
  189  17:47  Spine Crawler  
  189  17:48  Spine Crawler  
  186  18:14  Spine Crawler, Spore Crawler  
  186  18:15  Spine Crawler  
  183  18:30  Spine Crawler  
  183  18:32  Spine Crawler, Unknown  
  163  19:16  Hydralisk  
  163  19:17  Hydralisk x5, Roach x2, Zergling x2  
  141  19:18  Drone, Roach x3, Zergling x4  
  146  19:25  Drone, Hydralisk x3, Roach x2  
  146  19:26  Roach x2, Zergling x2  
  142  19:35  Hydralisk  
  142  19:36  Hydralisk x5, Roach x3  
  142  19:37  Roach x2  
  147  19:44  Queen, Hydralisk  
  147  19:45  Hydralisk x8  
  142  19:46  Roach x2  
  142  19:52  Spire  
  161  19:58  Lurker x3  
  161  20:01  Viper x3  
  169  20:13  Hatchery  
  168  20:14  Lurker x2, Spine Crawler  
  168  20:15  Lurker, Spore Crawler  
  168  20:17  Spine Crawler  
  168  20:19  Pneumatized Carapace  
  168  20:23  Drone  
  168  20:24  Drone x3  
  159  20:50  Overseer  
  158  21:00  Ravager x2  
  158  21:01  Hydralisk x4  
  158  21:02  Roach x3  
  158  21:03  Overseer  
  174  21:24  Hydralisk x3  
  174  21:25  Roach  
  182  21:35  Extractor  
  182  21:37  Lurker x5, Extractor  
  182  21:39  Overlord  
  185  22:01  Nydus Network  
  184  22:06  Hydralisk  
  184  22:07  Hydralisk x2, Roach x2  
  161  22:56  Queen, Hydralisk x5, Roach  
  161  22:57  Roach x4, Zergling x4  
  151  23:09  Hydralisk x3  
  151  23:10  Roach x3, Zergling x6  
  154  23:22  Hydralisk x3, Roach  
  154  23:23  Roach x3  
  167  23:34  Hydralisk x4  
  167  23:35  Roach x2  
  179  23:45  Hydralisk x2  
  179  23:46  Hydralisk, Roach x2  
  166  24:12  Hydralisk x3, Roach x2  
  166  24:13  Roach x2  
  178  24:25  Hydralisk x2, Roach  
  178  24:26  Roach  
  186  24:42  Hatchery  
Tags
 
Add a new tag
Caveats
  • Supply blocks, unpowered buildings, or Contaminate may cause inaccurate times.
  • Supply counts are checked every 10 seconds.